 Dungeon Crawl Stone Soup version 0.20.1-1-g8b1a95d (webtiles) character file.

179 empire the Covered (level 5, -2/46 HPs)
             Began as a Minotaur Fighter on Aug 3, 2017.
             Was an Initiate of Nemelex Xobeh.
             Slain by Menkaure (11 damage)
             ... on level 4 of the Dungeon.
             The game lasted 00:03:51 (1819 turns).

empire the Covered (Minotaur Fighter)               Turns: 1819, Time: 00:03:51

Health: -2/46      AC:  7    Str: 21    XL:     5   Next: 33%
Magic:  4/4        EV:  8    Int:  5    God:    Nemelex Xobeh [......]
Gold:   129        SH:  9    Dex: 10    Spells: 4/4 levels left

rFire    . . .     SeeInvis .   a - +0 long sword
rCold    . . .     Gourm    .   c - +0 shield
rNeg     . . .     Faith    .   b - +0 scale mail
rPois    .         Spirit   .   (helmet restricted)
rElec    .         Reflect  .   (no cloak)
rCorr    .         Harm     .   (no gloves)
MR       .....                  (no boots)
Stlth    ..........             (no amulet)
Regen    0.2/turn               (no ring)
MPRegen  0.1/turn               (no ring)

@: lethally poisoned (-2 -> -4)
A: retaliatory headbutt, horns 2
a: Renounce Religion


You were on level 4 of the Dungeon.
You worshipped Nemelex Xobeh.
Nemelex Xobeh was noncommittal.
You were not hungry.

You visited 1 branch of the dungeon, and saw 4 of its levels.

You collected 129 gold pieces.

Inventory:

Hand Weapons
 a - a +0 long sword (weapon)
Armour
 b - a +0 scale mail (worn)
 c - a +0 shield (worn)
 q - a +0 chain mail
Jewellery
 m - a cursed ring of teleportation {unknown}
Scrolls
 e - a scroll of amnesia {unknown}
 h - 3 scrolls of identify {unknown}
 i - a scroll of teleportation {unknown}
 j - a scroll of fog {unknown}
 k - a scroll of random uselessness {unknown}
 o - a scroll of blinking {unknown}
 r - a scroll of immolation {unknown}
 u - a scroll of remove curse {unknown}
Potions
 d - 3 potions of might
 g - a potion of mutation {unknown}
 n - a potion of curing {unknown}
 s - a potion of haste {unknown}
Miscellaneous
 t - a plain deck of escape
Comestibles
 f - 3 bread rations
 l - 7 fruits
 p - a meat ration


   Skills:
 + Level 4.2 Fighting
 + Level 4.1 Long Blades
 + Level 4.7 Armour
 + Level 1.6 Dodging
 + Level 4.3 Shields
 * Level 1.1 Invocations


You had 4 spell levels left.
You didn't know any spells.

Dungeon Overview and Level Annotations

Branches:
Dungeon (4/15)
 Temple: D:4-7

Altars:
Elyvilon
Kikubaaqudgha
Nemelex Xobeh
Qazlal
Sif Muna
Trog
Zin
The Shining One

Annotations:
D:4 Menkaure


Innate Abilities, Weirdness & Mutations

You reflexively headbutt those who attack you in melee.
You have a pair of horns on your head.


Message History

Menkaure barely misses you.
You hit Menkaure but do no damage.
You headbutt Menkaure, but do no damage.
You feel sick. Menkaure hits you!
You hit Menkaure.
Menkaure is lightly damaged.
Menkaure casts a spell at you. Pain shoots through your body!
You barely miss Menkaure. Your headbutt misses Menkaure.
You feel sick. Menkaure misses you.
You hit Menkaure.
Menkaure is moderately damaged.
Menkaure rustles in an indecipherable tongue.
Menkaure hits you!
* * * LOW HITPOINT WARNING * * *
You barely miss Menkaure. Your headbutt misses Menkaure.
Menkaure is moderately damaged.
Menkaure hits you!
You die...
Your body disappears without a glow.

................>
#.#
#.###...#†.......
#.# #...#.###.##.
#.# #...#...#
#.### #...#...#
#<..# ....#...#
##### .##..#...#
#. #..#...###.#
#......@...#
...##.###M#.# ..
... .# # ###. .#
.$ .# # ##


You could see Menkaure.

Vanquished Creatures
  A bullfrog skeleton (D:4)
  2 worker ants (D:4)
  5 adders
  An ooze (D:3)
  A worm (D:2)
  A dart slug (D:2)
  2 leopard geckos
  An orc (D:3)
  4 ball pythons
  2 giant cockroaches (D:3)
  4 goblins
  6 hobgoblins
  4 jackals (D:2)
  A quokka (D:2)
  2 bats
  2 frilled lizards (D:2)
  4 kobolds
  10 rats
53 creatures vanquished.

Notes
Turn   | Place    | Note
-------+----------+-------------------------------------------
     0 | D:1      | empire the Minotaur Fighter began the quest for the Orb.
     0 | D:1      | Reached XP level 1. HP: 19/19 MP: 0/0
   414 | D:1      | Reached XP level 2. HP: 27/27 MP: 1/1
   654 | D:2      | Reached XP level 3. HP: 23/33 MP: 2/2
  1186 | D:3      | Found a white marble altar of Elyvilon.
  1187 | D:3      | Found a sparkling altar of Nemelex Xobeh.
  1187 | D:3      | Found a bloodstained altar of Trog.
  1192 | D:3      | Found a glowing golden altar of the Shining One.
  1193 | D:3      | Found a deep blue altar of Sif Muna.
  1200 | D:3      | Reached XP level 4. HP: 24/40 MP: 3/3
  1207 | D:3      | Found an ancient bone altar of Kikubaaqudgha.
  1395 | D:3      | Found a stormy altar of Qazlal.
  1396 | D:3      | Found a glowing silver altar of Zin.
  1417 | D:3      | Became a worshipper of Nemelex Xobeh the Trickster
  1456 | D:3      | Received a gift from Nemelex Xobeh
  1774 | D:4      | Reached skill level 1 in Dodging
  1799 | D:4      | Reached XP level 5. HP: 43/46 MP: 4/4
  1806 | D:4      | Reached skill level 1 in Invocations
  1812 | D:4      | Noticed Menkaure
  1819 | D:4      | Slain by Menkaure

Skill      XL: |  1  2  3  4  5 |
---------------+----------------+-----
Armour         | 4 |  4.7
Shields        | 4 |  4.3
Fighting       | 4 |  4.2
Long Blades    | 3 4 |  4.1
Dodging        | 1 |  1.6
Invocations    | 1 |  1.1

Action                   |  1- 3 |  4- 6 || total
-------------------------+-------+-------++-------
Melee: Long sword        |   110 |    45 ||   155
       Headbutt          |    18 |     6 ||    24
  Eat: Chunk             |     1 |     2 ||     3
Armor: Scale mail        |    61 |    21 ||    82
Dodge: Dodged            |    30 |    20 ||    50
Block: Shield            |    87 |    20 ||   107
       Rpst.: Long sword |     8 |     7 ||    15
